 Dungeon Crawl Stone Soup version 0.31-a0-214-gb37851dbb3 (webtiles) character file.

Game seed: 15197995149206219189

53956 qw the Severer (level 14, -2/90 HPs)
             Began as a Gargoyle Fighter on July 1, 2023.
             Was an Elder of Okawaru.
             Slain by a naga warrior
             ... wielding a +0 hand axe
             ... summoned by a worldbinder
              (30 damage)
             ... on level 2 of the Abyss.
             The game lasted 00:10:34 (16430 turns).

qw the Severer (Gargoyle Fighter)                  Turns: 16430, Time: 00:10:34

Health: -2/90      AC: 33    Str: 23    XL:     14   Next: 70%
Magic:  19/21      EV: 11    Int: 11    God:    Okawaru [****..]
Gold:   889        SH: 13    Dex:  9    Spells: 13/13 levels left

rFire   . . .        B - +0 war axe
rCold   . . .        n - +0 kite shield
rNeg    + . .        l - +0 plate armour
rPois   inf          p - +1 helmet
rElec   +            j - scarf {repulsion}
rCorr   .            m - +0 pair of gloves
SInv    .            s - +0 pair of boots
Will    +....        y - amulet of regeneration
Stlth   x              - +5 ring of evasion
HPRegen 1.15/turn    f - +4 ring of slaying {mikee}
MPRegen 0.17/turn

%: repel missiles
@: heroic, flying, constricted
A: sickness immunity, AC +10, big wings, negative energy resistance 1,
electricity resistance, torment resistance 1, petrification resistance, claws 1,
screaming 1, wild magic 1
a: Renounce Religion, Heroism, Finesse


You were on level 2 of the Abyss.
You worshipped Okawaru.
Okawaru was greatly pleased with you.
You visited 2 branches of the dungeon, and saw 15 of its levels.
You visited the Abyss 1 time.

You collected 1114 gold pieces.
You spent 225 gold pieces at shops.


Innate Abilities, Weirdness & Mutations

You are immune to sickness and miasma.
Your stone body is resilient. (AC +10)
You are immune to poison.
Your large and strong wings let you fly.
You resist negative energy. (rN+)
You are resistant to electric shocks. (rElec)
You are resistant to unholy torment.
You are immune to petrification.
You have sharp fingernails.
You occasionally shout uncontrollably at your foes.
Your spells are a little harder to cast, but a little more powerful.


   Skills:
 - Level 11.1(16.1) Fighting
 - Level 15.0(20.0) Axes
 - Level 0.7(5.7) Throwing
 + Level 10.9(15.9) Armour
 - Level 3.0(8.0) Dodging
 - Level 12.0(17.0) Shields
 - Level 10.0 Invocations


You had 13 spell levels left.
You didn't know any spells.
Your spell library was empty.

Inventory:

Hand Weapons
 u - a +1 heavy morningstar
 v - a -2 demon whip of venom
 B - a +0 war axe (weapon)
Armour
 h - a +2 cloak
 j - a scarf of repulsion (worn)
 l - a +0 plate armour (worn)
 m - a +0 pair of gloves (worn)
 n - a +0 kite shield (worn)
 p - a +1 helmet (worn)
 s - a +0 pair of boots (worn)
Jewellery
 f - a +4 ring of slaying (right hand) {mikee}
 t - a ring of resist corrosion
 w - a ring of protection from fire
 x - a +5 ring of evasion (left hand)
 y - an amulet of regeneration (around neck)
 Y - a ring of protection from cold
Scrolls
 a - a scroll of identify
 z - a scroll of butterflies {unknown}
Potions
 b - 2 potions of mutation
 c - a potion of attraction
 d - 4 potions of might
 e - a potion of magic
 g - a potion of haste
 i - 3 potions of curing
 k - a potion of resistance
 o - 2 potions of enlightenment
 q - a potion of lignification
 r - a potion of cancellation {unknown}

Dungeon Overview and Level Annotations

Branches:
Dungeon (10/15)            Temple (0/1) D:7            Lair (5/5) D:8
  Swamp (0/4) Lair:3       Spider (0/4) Lair:2        Slime (0/5) Lair:4
    Orc (0/2) D:10

Altars:
Fedhas
Gozag
Okawaru
Qazlal
Yredelemnul
Zin
Jiyva

Shops:
D:4 [

Annotations:
D:10 Erolcha


Message History

You hit the naga warrior.
The naga warrior is lightly wounded.
You hit the worldbinder but do no damage.
You barely miss the naga warrior.
The naga warrior hits you with a +0 hand axe!
The naga warrior constricts you. You block the worldbinder's attack.
The worldbinder completely misses you. You block the naga warrior's attack.
16426 ||| INVOKING Heroism.
You gain the combat prowess of a mighty hero.
You can no longer enter into single combat with a foe.
Okawaru will no longer gift you equipment.
The worldbinder hits you but does no damage.
The worldbinder closely misses you. You block the naga warrior's attack.
The naga warrior constricts you.
The naga warrior hits you with a +0 dire flail!!
The naga warrior blocks your attack.
The naga warrior is lightly wounded.
You hit the worldbinder but do no damage.
You hit the naga warrior. You block the worldbinder's attack.
The worldbinder barely misses you.
The naga warrior hits you but does no damage.
The naga warrior constricts you.
You hit the naga warrior but do no damage.
The naga warrior is lightly wounded.
You barely miss the worldbinder. You hit the naga warrior.
The worldbinder hits you but does no damage.
You block the worldbinder's attack.
The naga warrior hits you with a +0 dire flail!!
16429 ||| DRINKING potion of heal wounds.
You feel much better.
The worldbinder hits you but does no damage.
The worldbinder misses you. You block the naga warrior's attack.
The naga warrior constricts you. You block the naga warrior's attack.
The worldbinder hits you but does no damage.
You block the worldbinder's attack. The naga warrior blocks your attack.
The naga warrior is lightly wounded.
You slash the worldbinder! You slash the naga warrior!
The naga warrior hits you with a +0 hand axe!!
You die...

. .# ## # .
# # #..## #
. #. ## # #
. #N##N.#
.. ####@x#
###.....#N#
..######...
#. # ....#
#. .#...# #
####..# ..
.## #


You could see 3 naga warriors and a worldbinder.

Vanquished Creatures
  Josephine (Lair:5)
  A hydra (Lair:5)
  5 catoblepae
  A two-headed ogre (D:9)
  12 death yaks (Lair:5)
  A boulder beetle (Lair:2)
  Amaemon (D:8)
  A sixfirhy (Abyss:2)
  3 skysharks
  A spriggan simulacrum (Abyss:2)
  A swamp dragon (Lair:3)
  A lindwurm (Lair:5)
  Pikel (D:6)
  2 manticores (Lair:5)
  An ugly thing (D:9)
  6 elephants
  4 black mambas
  Maurice (D:8)
  A smoke demon (Abyss:2)
  An orange demon (D:8)
  An unseen horror (D:9)
  15 cane toads
  Maggie (D:7)
  3 rime drakes
  2 unseen horror zombies (D:8)
  2 freezing wraiths (D:9)
  9 komodo dragons
  A hornet (D:9)
  3 hellwings (Abyss:2)
  5 polar bears
  A troll (D:8)
  4 raiju (Abyss:2)
  11 dream sheep (Lair:5)
  23 blink frogs
  Sigmund (D:6)
  A shadow (D:10)
  A vampire (D:9)
  6 wraiths
  4 wyverns
  Eustachio (D:5)
  4 starcursed masses (Abyss:2)
  29 yaks
  4 basilisks
  Edmund (D:5)
  A swamp worm (Lair:3)
  16 water moccasins
  2 sky beasts
  An orc warrior (D:8)
  3 black bears
  A boggart (D:9)
  2 centaurs
  16 wolves
  2 phantoms
  4 kobold brigands
  9 bullfrogs
  5 scorpions
  3 wights (D:8)
  5 killer bees (D:9)
  4 howler monkeys
  2 electric eels (Lair:1)
  4 hounds
  2 gnoll boudas (D:5)
  3 iguanas
  3 jellies
  A sleepcap (D:4)
  An orc wizard (D:7)
  3 killer bee zombies (D:8)
  Robin (D:4)
  13 gnolls
  2 river rats (D:5)
  5 adders
  3 shadow imps
  2 white imps
  4 ufetubi
  4 worms
  3 dart slugs
  18 orcs
  5 bats
  8 endoplasms
  11 giant cockroaches
  16 hobgoblins
  5 jackals
  3 quokkas
  10 ball pythons
  5 frilled lizards
  14 goblins
  18 kobolds
  4 rats
426 creatures vanquished.

Notes
Turn   | Place    | Note
-------+----------+-------------------------------------------
     0 | D:1      | qw the Gargoyle Fighter began the quest for the Orb.
     0 | D:1      | Reached XP level 1. HP: 14/14 MP: 1/1
     0 | D:1      | 0 ||| qw: Version: 0.3-a-32-g5962c71
     0 | D:1      | 0 ||| qw: Game counter: 7594
     0 | D:1      | 0 ||| qw: Melee chars always use a shield: true
     0 | D:1      | 0 ||| qw: God list: Okawaru
     0 | D:1      | 0 ||| qw: Allow faded altars: false
     0 | D:1      | 0 ||| qw: Do Orc after clearing Dungeon:15 true
     0 | D:1      | 0 ||| qw: Do second Lair branch before Depths: true
     0 | D:1      | 0 ||| qw: Lair rune preference: random
     0 | D:1      | 0 ||| qw: Goals: Normal, Zot:1-4, Slime:5, God:TSO, Crypt,
                  | Tomb, Abyss, Pan, Hells, Win
     0 | D:1      | 0 ||| PLANNING D:1-11
    29 | D:1      | Reached skill level 2 in Axes
   118 | D:1      | 118 ||| Stepping ~*~*~tactically~*~*~ (hiding).
   128 | D:1      | Reached XP level 2. HP: 12/19 MP: 2/2
   241 | D:1      | 241 ||| Stepping ~*~*~tactically~*~*~ (stealth).
   250 | D:1      | 250 ||| Stepping ~*~*~tactically~*~*~ (stealth).
   251 | D:1      | 251 ||| Stepping ~*~*~tactically~*~*~ (stealth).
   252 | D:1      | 252 ||| Stepping ~*~*~tactically~*~*~ (stealth).
   261 | D:1      | Reached skill level 3 in Axes
   307 | D:1      | Reached XP level 3. HP: 23/23 MP: 3/3
   629 | D:1      | 629 ||| Stepping ~*~*~tactically~*~*~ (stealth).
   824 | D:1      | 824 ||| UPGRADING to scarf of repulsion.
   829 | D:1      | 829 ||| READING scroll labelled YNLU ZYIGORE.
   830 | D:1      | 830 ||| READING 2 scrolls labelled ZILIXK ZIMIK.
   834 | D:1      | 834 ||| READING scroll labelled NEH HACSID.
   918 | D:2      | 918 ||| Stepping ~*~*~tactically~*~*~ (stealth).
  1004 | D:2      | Reached XP level 4. HP: 28/28 MP: 4/4
  1289 | D:2      | Reached skill level 4 in Axes
  1536 | D:2      | 1536 ||| UPGRADING to +0 chain mail.
  1546 | D:2      | 1546 ||| DROPPING +0 scale mail.
  1547 | D:2      | 1547 ||| READING scroll labelled JEH KYSIFAKEQO.
  1571 | D:3      | 1571 ||| Stepping ~*~*~tactically~*~*~ (stealth).
  1836 | D:3      | 1836 ||| DROPPING +0 whip.
  1985 | D:3      | 1985 ||| Stepping ~*~*~tactically~*~*~ (hiding).
  2418 | D:3      | 2418 ||| UPGRADING to +0 pair of gloves.
  2423 | D:3      | 2423 ||| READING scroll labelled VAPIWK WAOTOIRAY.
  2424 | D:3      | 2424 ||| DRINKING 2 ruby potions.
  2496 | D:4      | Noticed a phantom
  2503 | D:4      | Killed a phantom
  2504 | D:4      | Reached skill level 5 in Axes
  2504 | D:4      | Reached XP level 5. HP: 31/32 MP: 5/5
  2544 | D:4      | Found an iron altar of Okawaru.
  2545 | D:4      | 2545 ||| PLANNING OKAWARU WORSHIP
  2545 | D:4      | 2545 ||| READING 2 scrolls of identify.
  2545 | D:4      | 2545 ||| IDENTIFYING fuming golden potion
  2548 | D:4      | Became a worshipper of Warmaster Okawaru
  2549 | D:4      | 2549 ||| PLANNING D:1-11
  2559 | D:4      | Found a basalt altar of Yredelemnul.
  2797 | D:4      | Found Ujeolaf's Antique Armour Shoppe.
  2808 | D:4      | 2808 ||| BUYING opal-studded scale mail (225 gold).
  2808 | D:4      | Bought an opal-studded scale mail for 225 gold pieces
  2808 | D:4      | Identified the +1 scale mail of Negation {Harm +Blink rF-
                  | Slay+4} (You bought it in a shop on level 4 of the Dungeon)
  2808 | D:4      | 2808 ||| SHOPLISTING shimmering storm dragon scales (2125
                  | gold, have 14).
  2808 | D:4      | 2808 ||| SHOPLISTING shiny ring mail (175 gold, have 14).
  2869 | D:4      | Found an opulent altar of Gozag.
  2883 | D:4      | Reached XP level 6. HP: 25/38 MP: 6/6
  3032 | D:4      | 3032 ||| Stepping ~*~*~tactically~*~*~ (stealth).
  3042 | D:4      | Noticed Robin
  3057 | D:4      | Killed Robin
  3168 | D:4      | 3168 ||| Stepping ~*~*~tactically~*~*~ (hiding).
  3464 | D:4      | Reached skill level 6 in Axes
  3612 | D:4      | 3612 ||| UPGRADING to +1 helmet.
  3617 | D:4      | 3617 ||| READING 3 scrolls labelled DUBBUA UTSE.
  3618 | D:4      | 3618 ||| DRINKING 2 grey potions.
  3622 | D:4      | 3622 ||| READING 2 scrolls of identify.
  3622 | D:4      | 3622 ||| IDENTIFYING murky orange potion
  3623 | D:4      | 3623 ||| DROPPING potion of brilliance.
  3624 | D:4      | 3624 ||| DROPPING potion of ambrosia.
  3625 | D:4      | 3625 ||| DROPPING 2 scrolls of vulnerability.
  3640 | D:5      | Entered Level 5 of the Dungeon
  3641 | D:5      | 3641 ||| PLANNING SEWER
  3647 | D:5      | 3647 ||| STAIRDANCE
  3720 | D:5      | 3720 ||| DROPPING +0 mace.
  3736 | D:5      | Reached skill level 1 in Dodging
  3736 | D:5      | Reached XP level 7. HP: 34/43 MP: 7/7
  3744 | D:5      | 3744 ||| Stepping ~*~*~tactically~*~*~ (stealth).
  3826 | D:5      | 3826 ||| Stepping ~*~*~tactically~*~*~ (stealth).
  3884 | D:5      | 3884 ||| Stepping ~*~*~tactically~*~*~ (hiding).
  3885 | D:5      | 3885 ||| Stepping ~*~*~tactically~*~*~ (hiding).
  3892 | D:5      | Reached * piety under Okawaru
  4051 | D:5      | 4051 ||| Stepping ~*~*~tactically~*~*~ (hiding).
  4118 | D:5      | Reached skill level 1 in Invocations
  4195 | D:5      | Noticed Eustachio
  4196 | D:5      | 4196 ||| INVOKING Heroism.
  4198 | D:5      | 4198 ||| Stepping ~*~*~tactically~*~*~ (stealth).
  4211 | D:5      | 4211 ||| Stepping ~*~*~tactically~*~*~ (hiding).
  4214 | D:5      | 4214 ||| INVOKING Heroism.
  4229 | D:5      | Killed Eustachio
  4230 | D:5      | Reached skill level 7 in Axes
  4263 | D:5      | 4263 ||| RIP SEWER
  4282 | D:5      | 4282 ||| PLANNING D:1-11
  4341 | D:5      | 4341 ||| INVOKING Heroism.
  4353 | D:5      | HP: 7/43 [gnoll/+0 halberd[a gnoll bouda] (6)]
  4354 | D:5      | 4354 ||| READING scroll of teleportation.
  4355 | D:5      | 4355 ||| DRINKING potion of heal wounds.
  4368 | D:5      | Reached XP level 8. HP: 45/48 MP: 9/9
  4448 | D:5      | 4448 ||| INVOKING Heroism.
  4469 | D:5      | 4469 ||| INVOKING Heroism.
  4657 | D:5      | Noticed Edmund
  4668 | D:5      | Killed Edmund
  4672 | D:5      | Reached skill level 3 in Invocations
  4860 | D:6      | Noticed Sigmund
  4890 | D:6      | 4890 ||| INVOKING Heroism.
  4896 | D:6      | Killed Sigmund
  4897 | D:6      | Reached skill level 8 in Axes
  5068 | D:6      | 5068 ||| INVOKING Heroism.
  5117 | D:6      | 5117 ||| INVOKING Heroism.
  5132 | D:6      | Reached XP level 9. HP: 22/55 MP: 9/12
  5260 | D:6      | Found a glowing silver altar of Zin.
  5283 | D:6      | Reached skill level 6 in Fighting
  5518 | D:6      | 5518 ||| INVOKING Heroism.
  5669 | D:6      | Noticed Pikel
  5669 | D:6      | 5669 ||| Stepping ~*~*~tactically~*~*~ (stealth).
  5671 | D:6      | 5671 ||| Stepping ~*~*~tactically~*~*~ (stealth).
  5673 | D:6      | 5673 ||| INVOKING Heroism.
  5685 | D:6      | Killed Pikel
  5685 | D:6      | Reached ** piety under Okawaru
  5686 | D:6      | Reached skill level 9 in Axes
  5869 | D:6      | 5869 ||| UPGRADING to +0 kite shield.
  5879 | D:6      | 5879 ||| DROPPING +0 buckler.
  5909 | D:7      | 5909 ||| Stepping ~*~*~tactically~*~*~ (stealth).
  5931 | D:7      | 5931 ||| Stepping ~*~*~tactically~*~*~ (hiding).
  5932 | D:7      | 5932 ||| Stepping ~*~*~tactically~*~*~ (hiding).
  5935 | D:7      | Found a staircase to the Ecumenical Temple.
  6000 | D:7      | 6000 ||| Stepping ~*~*~tactically~*~*~ (stealth).
  6002 | D:7      | 6002 ||| Stepping ~*~*~tactically~*~*~ (stealth).
  6058 | D:7      | 6058 ||| Stepping ~*~*~tactically~*~*~ (hiding).
  6060 | D:7      | 6060 ||| Stepping ~*~*~tactically~*~*~ (hiding).
  6062 | D:7      | 6062 ||| Stepping ~*~*~tactically~*~*~ (hiding).
  6075 | D:7      | 6075 ||| Stepping ~*~*~tactically~*~*~ (stealth).
  6173 | D:7      | Noticed Maggie
  6186 | D:7      | 6186 ||| INVOKING Heroism.
  6191 | D:7      | Killed Maggie
  6192 | D:7      | Reached skill level 6 in Shields
  6305 | D:7      | 6305 ||| DROPPING +0 flail.
  6619 | D:7      | 6619 ||| UPGRADING to +0 pair of boots.
  6624 | D:7      | 6624 ||| UPGRADING to ring of positive energy.
  6625 | D:7      | 6625 ||| DROPPING ring of flight.
  6626 | D:7      | 6626 ||| READING scroll labelled FOTIOR CUUCLIN.
  6627 | D:7      | 6627 ||| READING 2 scrolls of identify.
  6627 | D:7      | 6627 ||| IDENTIFYING clear potion
  6637 | D:8      | Noticed a troll
  6638 | D:8      | 6638 ||| INVOKING Heroism.
  6650 | D:8      | Killed a troll
  6701 | D:8      | Reached XP level 10. HP: 50/60 MP: 13/13
  6895 | D:8      | Reached *** piety under Okawaru
  6909 | D:8      | Identified the +1 robe "Wuomi" {+Blink rF+ Regen+ Int-5}
  6922 | D:8      | 6922 ||| INVOKING Heroism.
  6991 | D:8      | 6991 ||| Stepping ~*~*~tactically~*~*~ (hiding).
  6992 | D:8      | 6992 ||| Stepping ~*~*~tactically~*~*~ (hiding).
  6996 | D:8      | 6996 ||| Stepping ~*~*~tactically~*~*~ (hiding).
  7003 | D:8      | 7003 ||| Stepping ~*~*~tactically~*~*~ (stealth).
  7149 | D:8      | Noticed Maurice
  7150 | D:8      | 7150 ||| Stepping ~*~*~tactically~*~*~ (hiding).
  7181 | D:8      | Killed Maurice
  7265 | D:8      | 7265 ||| Stepping ~*~*~tactically~*~*~ (stealth).
  7266 | D:8      | 7266 ||| Stepping ~*~*~tactically~*~*~ (stealth).
  7306 | D:8      | 7306 ||| Stepping ~*~*~tactically~*~*~ (stealth).
  7307 | D:8      | 7307 ||| Stepping ~*~*~tactically~*~*~ (stealth).
  7322 | D:8      | 7322 ||| INVOKING Heroism.
  7482 | D:8      | Reached skill level 9 in Shields
  7679 | D:8      | 7679 ||| Stepping ~*~*~tactically~*~*~ (stealth).
  7700 | D:8      | 7700 ||| Stepping ~*~*~tactically~*~*~ (hiding).
  7702 | D:8      | 7702 ||| INVOKING Heroism.
  7764 | D:8      | 7764 ||| Stepping ~*~*~tactically~*~*~ (stealth).
  7770 | D:8      | 7770 ||| Stepping ~*~*~tactically~*~*~ (stealth).
  7772 | D:8      | 7772 ||| Stepping ~*~*~tactically~*~*~ (stealth).
  7773 | D:8      | 7773 ||| Stepping ~*~*~tactically~*~*~ (stealth).
  7822 | D:8      | 7822 ||| Stepping ~*~*~tactically~*~*~ (stealth).
  7848 | D:8      | Noticed Amaemon
  7849 | D:8      | 7849 ||| INVOKING Heroism.
  7853 | D:8      | Noticed an orange demon
  7875 | D:8      | Killed Amaemon
  7875 | D:8      | Reached **** piety under Okawaru
  7876 | D:8      | Reached skill level 10 in Axes
  7881 | D:8      | 7881 ||| INVOKING Heroism.
  7887 | D:8      | Killed an orange demon
  8096 | D:8      | Found a staircase to the Lair.
  8149 | D:8      | 8149 ||| PLANNING LAIR
  8149 | D:8      | 8149 ||| READING scroll labelled BYUMOTRUNWE.
  8250 | D:8      | 8250 ||| DRINKING 2 murky clear potions.
  8251 | D:8      | 8251 ||| DRINKING 2 emerald potions.
  8252 | D:8      | 8252 ||| READING 2 scrolls of identify.
  8252 | D:8      | 8252 ||| IDENTIFYING fuming ruby potion
  8253 | D:8      | 8253 ||| DROPPING potion of berserk rage.
  8254 | D:8      | 8254 ||| DROPPING potion of degeneration.
  8269 | Lair:1   | Entered Level 1 of the Lair of Beasts
  8270 | Lair:1   | 8270 ||| PLANNING GAUNTLET
  8340 | Lair:1   | Reached skill level 6 in Armour
  8393 | Lair:1   | 8393 ||| Stepping ~*~*~tactically~*~*~ (hiding).
  8429 | Lair:1   | 8429 ||| INVOKING Heroism.
  8438 | Lair:1   | Received a gift from Okawaru
  8439 | Lair:1   | Reached XP level 11. HP: 47/68 MP: 12/14
  8563 | Lair:1   | 8563 ||| INVOKING Heroism.
  8658 | Lair:1   | You fall into a shaft and drop 1 floor!
  8661 | Lair:2   | 8661 ||| INVOKING Heroism.
  8789 | Lair:2   | Noticed a boulder beetle
  8789 | Lair:2   | 8789 ||| INVOKING Heroism.
  8802 | Lair:2   | Reached skill level 11 in Axes
  8818 | Lair:2   | 8818 ||| INVOKING Heroism.
  8831 | Lair:2   | Killed a boulder beetle
  8832 | Lair:2   | Reached skill level 6 in Invocations
  8834 | Lair:2   | 8834 ||| Stepping ~*~*~tactically~*~*~ (stealth).
  8854 | Lair:2   | 8854 ||| Stepping ~*~*~tactically~*~*~ (stealth).
  8860 | Lair:2   | 8860 ||| INVOKING Heroism.
  8985 | Lair:2   | Found a hole to the Spider Nest.
  9002 | Lair:2   | 9002 ||| INVOKING Heroism.
  9154 | Lair:2   | 9154 ||| Stepping ~*~*~tactically~*~*~ (stealth).
  9156 | Lair:2   | 9156 ||| INVOKING Heroism.
  9332 | Lair:2   | 9332 ||| INVOKING Heroism.
  9361 | Lair:2   | 9361 ||| INVOKING Heroism.
  9394 | Lair:2   | 9394 ||| RIP GAUNTLET
  9394 | Lair:2   | 9394 ||| PLANNING LAIR
  9420 | Lair:2   | 9420 ||| DROPPING +1 scale mail of Negation {Harm +Blink
                  | rF- Slay+4}.
  9421 | Lair:2   | 9421 ||| UPGRADING to +0 plate armour.
  9431 | Lair:2   | 9431 ||| DROPPING +0 chain mail.
  9432 | Lair:2   | 9432 ||| DROPPING ring of magical power.
  9441 | Lair:1   | 9441 ||| RIP GAUNTLET
  9692 | Lair:1   | 9692 ||| INVOKING Heroism.
  9878 | Lair:1   | 9878 ||| INVOKING Heroism.
 10013 | Lair:1   | 10013 ||| INVOKING Heroism.
 10014 | Lair:1   | 10014 ||| Stepping ~*~*~tactically~*~*~ (water).
 10127 | Lair:1   | 10127 ||| DROPPING amulet of guardian spirit.
 10128 | Lair:1   | 10128 ||| UPGRADING to amulet of regeneration.
 10133 | Lair:1   | 10133 ||| UPGRADING to ring of resist corrosion.
 10134 | Lair:1   | 10134 ||| UPGRADING to +6 ring of dexterity.
 10136 | Lair:1   | 10136 ||| READING scroll labelled KOECEROHAF.
 10137 | Lair:1   | 10137 ||| READING scroll labelled WORRISM AZEGUTEU.
 10185 | Lair:2   | 10185 ||| INVOKING Heroism.
 10234 | Lair:2   | Noticed a catoblepas
 10241 | Lair:2   | 10241 ||| Stepping ~*~*~tactically~*~*~ (stealth).
 10244 | Lair:2   | 10244 ||| Stepping ~*~*~tactically~*~*~ (hiding).
 10245 | Lair:2   | 10245 ||| INVOKING Heroism.
 10265 | Lair:2   | Killed a catoblepas
 10271 | Lair:2   | 10271 ||| INVOKING Heroism.
 10276 | Lair:2   | HP: 17/68 [komodo dragon (6)]
 10277 | Lair:2   | 10277 ||| READING scroll of teleportation.
 10281 | Lair:2   | Reached XP level 12. HP: 23/75 MP: 15/17
 10346 | Lair:2   | 10346 ||| Stepping ~*~*~tactically~*~*~ (stealth).
 10348 | Lair:2   | 10348 ||| Stepping ~*~*~tactically~*~*~ (stealth).
 10350 | Lair:2   | 10350 ||| Stepping ~*~*~tactically~*~*~ (stealth).
 10351 | Lair:2   | 10351 ||| INVOKING Heroism.
 10491 | Lair:2   | 10491 ||| INVOKING Heroism.
 10493 | Lair:2   | Reached skill level 9 in Fighting
 10525 | Lair:2   | 10525 ||| Stepping ~*~*~tactically~*~*~ (stealth).
 10527 | Lair:2   | 10527 ||| Stepping ~*~*~tactically~*~*~ (stealth).
 10859 | Lair:2   | 10859 ||| DRINKING 2 red potions.
 10859 | Lair:2   | Gained mutation: Your spells are a little harder to cast,
                  | but a little more powerful. [potion of mutation]
 10859 | Lair:2   | Gained mutation: You occasionally shout uncontrollably at
                  | your foes. [potion of mutation]
 10859 | Lair:2   | Gained mutation: You have sharp fingernails. [potion of
                  | mutation]
 10860 | Lair:2   | 10860 ||| READING 2 scrolls of identify.
 10860 | Lair:2   | 10860 ||| IDENTIFYING metallic purple potion
 10888 | Lair:3   | 10888 ||| INVOKING Heroism.
 10891 | Lair:3   | 10891 ||| Stepping ~*~*~tactically~*~*~ (stealth).
 10928 | Lair:3   | 10928 ||| INVOKING Heroism.
 10957 | Lair:3   | 10957 ||| INVOKING Heroism.
 11024 | Lair:3   | 11024 ||| INVOKING Heroism.
 11053 | Lair:3   | Noticed a skyshark
 11054 | Lair:3   | 11054 ||| Stepping ~*~*~tactically~*~*~ (stealth).
 11074 | Lair:3   | Killed a skyshark
 11099 | Lair:3   | 11099 ||| Stepping ~*~*~tactically~*~*~ (stealth).
 11101 | Lair:3   | 11101 ||| INVOKING Heroism.
 11138 | Lair:3   | Reached skill level 9 in Invocations
 11182 | Lair:3   | 11182 ||| INVOKING Heroism.
 11283 | Lair:3   | Found a staircase to the Swamp.
 11284 | Lair:3   | 11284 ||| Stepping ~*~*~tactically~*~*~ (hiding).
 11285 | Lair:3   | 11285 ||| INVOKING Heroism.
 11343 | Lair:3   | 11343 ||| INVOKING Heroism.
 11513 | Lair:3   | 11513 ||| INVOKING Heroism.
 11546 | Lair:3   | 11546 ||| INVOKING Heroism.
 11895 | Lair:3   | Reached skill level 12 in Axes
 12041 | Lair:3   | 12041 ||| DROPPING ring of positive energy.
 12042 | Lair:3   | 12042 ||| UPGRADING to +5 ring of evasion.
 12044 | Lair:3   | 12044 ||| UPGRADING to +6 ring of dexterity.
 12046 | Lair:3   | 12046 ||| READING scroll labelled ENIAB FOUZ GUST.
 12047 | Lair:3   | 12047 ||| READING 2 scrolls of identify.
 12047 | Lair:3   | 12047 ||| IDENTIFYING smoky white potion
 12063 | Lair:4   | 12063 ||| INVOKING Heroism.
 12152 | Lair:4   | 12152 ||| STAIRDANCE
 12255 | Lair:4   | 12255 ||| Stepping ~*~*~tactically~*~*~ (stealth).
 12257 | Lair:4   | 12257 ||| Stepping ~*~*~tactically~*~*~ (stealth).
 12299 | Lair:4   | Reached skill level 9 in Armour
 12345 | Lair:4   | 12345 ||| INVOKING Heroism.
 12408 | Lair:4   | Reached skill level 3 in Dodging
 12475 | Lair:4   | Identified the +0 leather armour of Inviolability {Will+}
 12531 | Lair:4   | 12531 ||| INVOKING Heroism.
 12543 | Lair:4   | Noticed a skyshark
 12560 | Lair:4   | Killed a skyshark
 12561 | Lair:4   | Reached XP level 13. HP: 80/80 MP: 20/20
 12695 | Lair:4   | Found a staircase to the Slime Pits.
 12695 | Lair:4   | Found a viscous altar of Jiyva.
 12713 | Lair:4   | 12713 ||| INVOKING Heroism.
 12829 | Lair:4   | Reached ***** piety under Okawaru
 12988 | Lair:4   | 12988 ||| UPGRADING to ring of protection from cold.
 12990 | Lair:4   | 12990 ||| READING scroll labelled VICRUQ COA.
 12991 | Lair:4   | 12991 ||| READING scroll labelled TARYUPP OKHANN.
 13019 | Lair:5   | Entered Level 5 of the Lair of Beasts
 13022 | Lair:5   | 13022 ||| INVOKING Heroism.
 13039 | Lair:5   | 13039 ||| INVOKING Finesse.
 13177 | Lair:5   | 13177 ||| INVOKING Heroism.
 13206 | Lair:5   | 13206 ||| INVOKING Finesse.
 13227 | Lair:5   | Reached skill level 13 in Axes
 13325 | Lair:5   | 13325 ||| INVOKING Heroism.
 13347 | Lair:5   | HP: 16/82 [blink frog (11)]
 13348 | Lair:5   | 13348 ||| READING scroll of teleportation.
 13349 | Lair:5   | 13349 ||| DRINKING potion of heal wounds.
 13432 | Lair:5   | 13432 ||| INVOKING Heroism.
 13433 | Lair:5   | 13433 ||| INVOKING Finesse.
 13513 | Lair:5   | 13513 ||| INVOKING Heroism.
 13527 | Lair:5   | 13527 ||| INVOKING Heroism.
 13548 | Lair:5   | 13548 ||| INVOKING Heroism.
 13581 | Lair:5   | 13581 ||| INVOKING Heroism.
 13633 | Lair:5   | 13633 ||| Stepping ~*~*~tactically~*~*~ (hiding).
 13694 | Lair:5   | 13694 ||| INVOKING Heroism.
 13801 | Lair:5   | 13801 ||| INVOKING Heroism.
 13802 | Lair:5   | 13802 ||| SWAPPING to -2 demon whip of venom.
 13812 | Lair:5   | 13812 ||| SWAPPING to +0 war axe.
 13848 | Lair:5   | 13848 ||| Stepping ~*~*~tactically~*~*~ (stealth).
 13878 | Lair:5   | 13878 ||| INVOKING Heroism.
 14043 | Lair:5   | Gained mutation: Your large and strong wings let you fly.
                  | [Gargoyle growth]
 14043 | Lair:5   | Reached XP level 14. HP: 86/88 MP: 21/21
 14117 | Lair:5   | Reached skill level 14 in Axes
 14119 | Lair:5   | 14119 ||| FLEEEEING.
 14120 | Lair:5   | 14120 ||| FLEEEEING.
 14121 | Lair:5   | 14121 ||| FLEEEEING.
 14199 | Lair:5   | 14199 ||| Stepping ~*~*~tactically~*~*~ (hiding).
 14201 | Lair:5   | 14201 ||| INVOKING Heroism.
 14202 | Lair:5   | 14202 ||| INVOKING Finesse.
 14278 | Lair:5   | 14278 ||| INVOKING Heroism.
 14286 | Lair:5   | Noticed Josephine
 14310 | Lair:5   | Killed Josephine
 14320 | Lair:5   | 14320 ||| INVOKING Heroism.
 14329 | Lair:5   | HP: 20/90 [death yak (10)]
 14330 | Lair:5   | HP: 9/90 [death yak (12)]
 14341 | Lair:5   | HP: 17/90 [death yak (1)]
 14355 | Lair:5   | HP: 14/90 [manticore (8)]
 14359 | Lair:5   | Reached skill level 12 in Shields
 14486 | Lair:5   | 14486 ||| INVOKING Heroism.
 14487 | Lair:5   | 14487 ||| Stepping ~*~*~tactically~*~*~ (stealth).
 14499 | Lair:5   | 14499 ||| INVOKING Finesse.
 14579 | Lair:5   | 14579 ||| INVOKING Heroism.
 14909 | Lair:5   | 14909 ||| PLANNING D:1-11
 14909 | Lair:5   | 14909 ||| READING scroll labelled VIAPTAI LIRPH.
 15080 | D:9      | 15080 ||| Stepping ~*~*~tactically~*~*~ (stealth).
 15081 | D:9      | 15081 ||| INVOKING Heroism.
 15232 | D:9      | Found a stormy altar of Qazlal.
 15232 | D:9      | Found a blossoming altar of Fedhas.
 15830 | D:9      | 15830 ||| UPGRADING to +4 ring of slaying {mikee}.
 15832 | D:9      | 15832 ||| DROPPING +6 ring of dexterity.
 15833 | D:9      | 15833 ||| READING 3 scrolls of identify.
 15833 | D:9      | 15833 ||| IDENTIFYING lumpy sapphire potion
 15834 | D:9      | 15834 ||| READING 2 scrolls of identify.
 15834 | D:9      | 15834 ||| IDENTIFYING bubbling grey potion
 15871 | D:10     | Entered Level 10 of the Dungeon
 15977 | D:10     | Found a staircase to the Orcish Mines.
 16159 | D:10     | Noticed Erolcha
 16160 | D:10     | 16160 ||| INVOKING Heroism.
 16161 | D:10     | 16161 ||| INVOKING Finesse.
 16172 | Abyss:2  | Cast into level 2 of the Abyss (Erolcha)
 16213 | Abyss:2  | Reached skill level 15 in Axes
 16292 | Abyss:2  | 16292 ||| Stepping ~*~*~tactically~*~*~ (stealth).
 16322 | Abyss:2  | 16322 ||| INVOKING Heroism.
 16362 | Abyss:2  | Noticed a starcursed mass
 16363 | Abyss:2  | 16363 ||| Stepping ~*~*~tactically~*~*~ (stealth).
 16381 | Abyss:2  | 16381 ||| INVOKING Heroism.
 16426 | Abyss:2  | 16426 ||| INVOKING Heroism.
 16428 | Abyss:2  | HP: 4/90 [naga warrior/+0 dire flail[a worldbinder] (31)]
 16429 | Abyss:2  | 16429 ||| DRINKING potion of heal wounds.
 16430 | Abyss:2  | Slain by a naga warrior

Levels and vault maps discovered:
D:1:      dpeg_arrival_oval, layout_basic
D:2:      layout_basic
D:3:      layout_basic
D:4:      nicolae_cairo_tiling, layout_loops_corners, mainiacjoe_overflow_swirl,
          serial_shops, shop_fountains, minmay_ruined_shrine, uniq_robin
D:5:      layout_gridville, portal_sewer_entry_b, uniq_edmund, uniq_eustachio
D:6:      layout_basic, zin_treasury, roderic_roman_lattice, uniq_sigmund,
          uniq_pikel
D:7:      layout_cave_pools, minmay_temple_entry_junction, uniq_maggie
D:8:      layout_basic, lair_entry_dummy, serial_undead, serial_undead_f,
          serial_undead_c, serial_undead_d, serial_undead_f,
          minmay_misc_feat_rows, grunt_ministairs_9, kennysheep_flooded_box,
          dk_noncrumbling_4, uniq_amaemon, uniq_maurice
D:9:      minmay_bloctagon_deflated, layout_irregular_city,
          grunt_temple_overflow_forces_of_nature
D:10:     layout_grid_maze, orc_0_dummy, hangedman_incinerator, uniq_erolcha,
          uniq_joseph
Lair:1:   layout_regular_city, gauntlet_entry_generic, serial_bayou_shore_a,
          lemuel_fruit_fields, grunt_megastairs_1
Lair:2:   layout_regular_city, nicolae_spider_entry_non_spiders
Lair:3:   layout_layer_cave, minmay_swamp_entry_worms, hibernation_bobbens,
          grunt_megastairs_4
Lair:4:   layout_gridlike, nicolae_slime_entry_slimehenge, minmay_holes,
          beast_lair_carwin_2
Lair:5:   evilmike_catoblepas_cave, layout_cave_pods, wad_woods_03,
          uniq_josephine
Abyss:2:  base:
D:9

Skill      XL: |  1  2  3  4  5  6  7  8  9 10 11 12 13 14 |
---------------+-------------------------------------------+-----
Axes           | 2 3 5 6 7 8 9 10 11 12 13 15 | 15.0
Fighting       | 4 5 6 7 8 9 10 11 | 11.1
Dodging        | 1 2 3 |  3.0
Invocations    | 2 4 7 10 | 10.0
Armour         | 4 6 8 9 10 | 10.9
Shields        | 7 9 10 11 12 | 12.0
Throwing       | |  0.7

Action                     |  1- 3 |  4- 6 |  7- 9 | 10-12 | 13-15 || total
---------------------------+-------+-------+-------+-------+-------++-------
  Melee: War axe           |   108 |   196 |   306 |   819 |   735 ||  2164
         Unarmed           |       |       |    13 |       |       ||    13
         Demon whip        |       |       |       |       |     9 ||     9
  Throw: Boomerang         |       |     1 |    22 |       |       ||    23
 Invoke: Heroism           |       |       |    12 |    36 |    22 ||    70
         Finesse           |       |       |       |       |     6 ||     6
    Use: Scroll            |     3 |     5 |     3 |     8 |     6 ||    25
         Potion            |       |     2 |     1 |     3 |     2 ||     8
   Stab: Petrified         |       |       |       |       |    15 ||    15
 Armour: Scale mail        |    47 |    21 |       |       |       ||    68
         Chain mail        |       |   119 |   208 |   182 |       ||   509
         Skin              |       |       |     6 |       |       ||     6
         Plate armour      |       |       |       |   197 |   314 ||   511
  Dodge: Dodged            |    48 |    88 |   176 |   231 |   280 ||   823
         Repelled          |       |     1 |       |     1 |     6 ||     8
  Block: Buckler           |    20 |    36 |    66 |       |       ||   122
         Kite shield       |       |       |    27 |   428 |   368 ||   823

Table legend:
 A = Non-vault XP
 B = Vault XP
 C = Vault XP percentage of total XP
 D = Non-vault monster count
 E = Vault monster count
 F = Vault count percentage of total count
                 A         B        C        D         E       F
            +---------+---------+-------+---------+---------+-------
      Total |   53655 |   23425 |  30.4 |     328 |      98 |  23.0
            +---------+---------+-------+---------+---------+-------
        D:1 |      56 |       0 |   0.0 |      28 |       0 |   0.0
        D:2 |      52 |       0 |   0.0 |      17 |       0 |   0.0
        D:3 |      34 |       0 |   0.0 |      17 |       0 |   0.0
        D:4 |     276 |     124 |  31.0 |      17 |      16 |  48.5
        D:5 |     755 |     402 |  34.7 |      29 |       6 |  17.1
        D:6 |    1036 |     860 |  45.4 |      30 |       2 |   6.2
        D:7 |     246 |     398 |  61.8 |       9 |       1 |  10.0
        D:8 |    1606 |    2809 |  63.6 |      16 |      15 |  48.4
        D:9 |    2605 |    1388 |  34.8 |      12 |       4 |  25.0
       D:10 |     415 |       0 |   0.0 |       2 |       0 |   0.0
     Lair:1 |    2479 |     936 |  27.4 |      15 |       6 |  28.6
     Lair:2 |    8013 |    1000 |  11.1 |      27 |       8 |  22.9
     Lair:3 |    5864 |    1708 |  22.6 |      21 |       4 |  16.0
     Lair:4 |    5566 |    1195 |  17.7 |      23 |       8 |  25.8
     Lair:5 |   19947 |   12605 |  38.7 |      51 |      28 |  35.4
    Abyss:2 |    4705 |       0 |   0.0 |      14 |       0 |   0.0
            +---------+---------+-------+---------+---------+-------
